Map: Dash and Terminal LE (Void)

Players

adamdang

  • Race: Protoss Protoss
  • League: Grandmaster

SticklerMac - Winner!

  • Race: Zerg Zerg

VOD

Have the link to the VOD?

Description

Time

  • Played on: Aug. 5, 2015, 6:40 p.m.
  • Length: 3:41
Show
View Real Time Build Order
Export as new Build Order

adamdang Protoss 

Build Orders:  

Get SALT Encoding   

  12  0:03  Probe  
  13  0:25  Pylon  
  13  0:36  Probe (Chrono Boost)  
  14  0:47  Probe (Chrono Boost)  
  14  0:49  Gateway  
  15  0:59  Assimilator  
  15  1:08  Probe  
  16  1:20  Probe  
  16  1:21  Forge  
  17  1:32  Probe  
  18  1:37  Gateway  
  18  1:42  Pylon  
  18  1:45  Pylon  
  18  1:46  Probe  
  19  1:59  Probe, Zealot  
  22  2:25  Zealot  
  22  2:26  Zealot  
  26  2:38  Photon Cannon  
  26  2:52  Zealot  
  26  2:53  Zealot  
  29  3:01  Cybernetics Core  
  29  3:08  Probe  
  30  3:19  Zealot (Chrono Boost)  
  32  3:20  Probe  
Show
View Real Time Build Order
Export as new Build Order

SticklerMac Zerg - Winner!

Build Orders: Hatch First 

Get SALT Encoding   

  12  0:01  Drone  
  13  0:08  Drone  
  14  0:18  Overlord  
  14  0:36  Drone x3  
  17  0:55  Hatchery  
  16  0:59  Drone  
  16  1:00  Drone  
  18  1:08  Drone  
  19  1:18  Spawning Pool  
  18  1:21  Drone  
  19  1:30  Drone  
  20  1:41  Overlord  
  20  1:47  Extractor  
  19  1:58  Drone  
  20  2:05  Queen  
  20  2:06  Queen  
  24  2:10  Zergling x4  
  26  2:17  Zergling x2  
  26  2:20  Drone  
  26  2:22  Roach Warren  
  27  2:24  Drone  
  27  2:25  Evolution Chamber  
  27  2:28  Drone  
  28  2:35  Drone  
  29  2:56  Drone x2  
  29  2:57  Drone x2  
  33  3:00  Drone  
  33  3:01  Extractor  
  33  3:10  Drone  
  33  3:11  Drone  
  35  3:16  Drone  
  36  3:34  Spine Crawler  
  36  3:36  Spine Crawler  
Tags
 
Add a new tag
Caveats
  • Supply blocks, unpowered buildings, or Contaminate may cause inaccurate times.
  • Supply counts are checked every 10 seconds.